 Dungeon Crawl Stone Soup version 0.18.1-48-g4cf74bf (webtiles) character file.

75 rlgrobin the Cutter (level 4, 0/27 HPs)
             Began as a Deep Elf Chaos Knight on Sept 6, 2016.
             Succumbed to an adder's poison
             ... on level 3 of the Dungeon.
             The game lasted 00:06:16 (1952 turns).

rlgrobin the Cutter (Deep Elf Chaos Knight)         Turns: 1952, Time: 00:06:17

Health: 0/27       AC:  8    Str:  9    XL:     4   Next: 11%
Magic:  6/6        EV: 12    Int: 17    God:    Xom [*.....]
Gold:   81         SH:  0    Dex: 15    Spells: 0 memorised, 3 levels left

rFire  . . .     SeeInvis .     a - +0 short sword (chaos)
rCold  . . .     Gourm    .     b - +2 leather armour
rNeg   . . .     Faith    .     (no shield)
rPois  .         Spirit   .     (no helmet)
rElec  .         Dismiss  .     (no cloak)
rCorr  .         Reflect  .     (no gloves)
SustAt .         Harm     .     h - +2 pair of boots
MR     .....                    (no amulet)
Stlth  ++........               (no ring)
                                (no ring)

@: lethally poisoned (0 -> -2), not resistant to hostile enchantments,
unstealthy
A: no striking features
a: Renounce Religion


You were on level 3 of the Dungeon.
You worshipped Xom.
You were a special plaything of Xom.
You were very hungry.

You visited 1 branch of the dungeon, and saw 3 of its levels.

You collected 81 gold pieces.

Inventory:

Hand Weapons
 a - a +0 short sword of chaos (weapon)
 l - a +0 dagger of draining
Missiles
 e - 81 stones (quivered)
 j - 5 poisoned needles
Armour
 b - a +2 leather armour (worn)
 g - a +0 buckler
 h - a +2 pair of boots (worn)
Scrolls
 k - a scroll of enchant armour {unknown}
 m - a scroll of fear {unknown}
Comestibles
 c - a bread ration
 d - a beef jerky
 i - 2 meat rations


   Skills:
 - Level 2.4 Fighting
 - Level 4.2 Short Blades
 - Level 0.7 Armour
 - Level 2.4 Dodging
 + Level 3.2 Stealth


You had 3 spell levels left.
You didn't know any spells.

Dungeon Overview and Level Annotations

Branches:
Dungeon (3/15)

Altars:
Makhleb
Pakellas
Qazlal
Ru


Message History

You feel sick.
Found a dagger.
You see here a bubbling ruby potion.
f - a bubbling ruby potion Drink which item? (? for menu, Esc to quit)
It was a potion of cancellation.
Your magical effects are unravelling.
Your magical contamination has completely faded away.
You feel magically purged.
You flicker back into view.
You feel a little less mighty now.
* * * LOW HITPOINT WARNING * * *
You feel sick.
There is a stone staircase leading up here.
You see here a giant cockroach corpse.
Press: ? - help, v - describe, . - travel
Here: a diamond obelisk (surrounded by raging winds, fire blocked by a translucent stone wall)
The floor.
Unknown command.
You die...
Xom is highly amused!

#§§§§§§§§§§§#
#§§§§§§§§§§§#
#§§§§§§§§§§§#
#§§§§§8§§§§§#
#§§§§###§§§§#
#§§§§#_#§§§§#
#§§§§#.#§§§§# ###
#§§§§#@#§§§§# )...
#§§§§#.#§§§§#
..$..######.######
.........<††.#
.............#
............##
##..........#
.[.............
............###


You could see a diamond obelisk.

Vanquished Creatures
  Terence (D:2)
  An adder (D:3)
  3 worms
  2 dart slugs
  A ball python (D:1)
  4 goblins
  2 hobgoblins (D:2)
  3 kobolds
  7 bats
  A giant newt (D:1)
  5 rats
30 creatures vanquished.

Notes
Turn   | Place    | Note
--------------------------------------------------------------
     0 | D:1      | rlgrobin the Deep Elf Chaos Knight began the quest for the Orb.
     0 | D:1      | Reached XP level 1. HP: 13/13 MP: 3/3
   361 | D:1      | Reached XP level 2. HP: 18/18 MP: 4/4
   500 | D:1      | XOM: harmless Hex miscast
   608 | D:1      | XOM: harmless Chrm miscast
   834 | D:2      | XOM: divination: detect creatures
   902 | D:1      | XOM: harmless Necr miscast
   918 | D:2      | Reached skill level 4 in Short Blades
   976 | D:2      | Found a sacrificial altar of Ru.
  1004 | D:2      | Found an oddly glowing altar of Pakellas.
  1032 | D:2      | XOM: silly message
  1126 | D:2      | Noticed Terence
  1126 | D:2      | Reached XP level 3. HP: 22/22 MP: 5/5
  1150 | D:2      | Killed Terence
  1485 | D:2      | XOM: harmless Ice miscast
  1655 | D:2      | Found a burning altar of Makhleb.
  1924 | D:3      | Found a stormy altar of Qazlal.
  1925 | D:3      | XOM: harmless Hex miscast
  1929 | D:3      | XOM: mild Necr miscast
  1938 | D:3      | Reached XP level 4. HP: 3/27 MP: 6/6
  1948 | D:3      | HP: 1/27 [poisoned by an adder]
  1952 | D:3      | Succumbed to an adder's poison

Skill      XL: |  1  2  3 |
---------------+----------+-----
Short Blades   | 4 |  4.2
Stealth        | 3 |  3.2
Fighting       | |  2.4
Armour         | |  0.7
Dodging        | |  2.4

Action                   |  1- 3 |  4- 6 || total
-------------------------+-------+-------++-------
Melee: Short sword       |   111 |     2 ||   113
Throw: Stone             |    12 |       ||    12
  Use: Scroll            |     4 |       ||     4
       Potion            |     2 |     1 ||     3
 Stab: Confused          |     1 |       ||     1
       Petrified         |     4 |       ||     4
       Invisible         |     1 |       ||     1
       Petrifying        |     1 |       ||     1
  Eat: Chunk             |     2 |       ||     2
Armor: Leather armour    |    43 |       ||    43
Dodge: Dodged            |    57 |     1 ||    58
